Blues vs Senateurs
Created - February 20, 2024 at 20:11
Goals
|
| Blues |
0 |
2 |
1 |
0 |
3 |
| Senateurs |
1 |
2 |
0 |
1 |
4 |
|
Shots
|
| Blues |
8 |
11 |
11 |
0 |
30 |
| Senateurs |
11 |
12 |
14 |
2 |
39 |
|
1st period
1. Senateurs , David Backes 28 (Nick Bjugstad 18, Derick Brassard 33) at 14:56
Penalties :
No Penalty
2nd period
2. Blues , Filip Forsberg 26 (Nikolaj Ehlers 15, Travis Sanheim 8) at 7:39
3. Senateurs , David Backes 29 (Dennis Everberg 5) at 8:56
4. Senateurs , Nick Bjugstad 17 (David Backes 42) at 11:10 (PP)
5. Blues , Seth Jones 13 (Drew Shore 7, Nathan MacKinnon 37) at 19:29
Penalties :
Travis Sanheim (Stl) for Holding (Minor) at 2:24, Travis Sanheim (Stl) for Slashing (Minor) at 11:07
3rd period
6. Blues , Nikolaj Ehlers 19 (Morgan Rielly 3, Travis Sanheim 9) at 0:24
Penalties :
Marko Dano (Stl) for Hooking (Minor) at 9:47, Cody Ceci (Stl) for Close Hand On Puck (Minor) at 12:47, Derick Brassard (Ott) for Holding (Minor) at 15:46, Drew Shore (Stl) for Hooking (Minor) at 18:16
Overtime #1
7. Senateurs , Nick Bjugstad 18 (Derick Brassard 34) at 1:13
Penalties :
No Penalty
Goalie Stats
Carey Price (Stl), 35 saves from 39 shots - (0.897), OTL, 24-11-2, 61:13 minutes
Martin Jones (Ott), 27 saves from 30 shots - (0.900), W, 21-18-4, 61:13 minutes
Players Stats for Blues
Player Name G A P +/- PIM S H SB GA TA FO MP PP MP PK MP
------------------------------------------------------------------------------------
Adam Henrique 0 0 0 0 0 3 1 1 0 1 3/6 16:57 0:50 0:54
Brandon Montour 0 0 0 0 0 1 0 0 0 0 0/0 18:06 0:47 3:24
Cody Ceci 0 0 0 -3 2 1 1 2 0 1 0/0 24:21 0:01 3:23
David Perron 0 0 0 -2 0 1 2 0 1 0 1/2 12:25 0:07 1:41
Devin Shore 0 0 0 -2 0 1 1 0 1 0 7/9 12:37 0:07 1:51
Drew Shore 0 1 1 0 2 2 2 1 1 0 4/10 11:21 0:00 3:12
Filip Forsberg 1 0 1 1 0 5 0 1 2 0 3/6 21:33 1:02 2:21
Luke Glendening 0 0 0 1 0 0 0 0 0 0 0/1 8:45 0:00 1:30
Marko Dano 0 0 0 0 2 3 5 2 0 0 0/0 16:16 0:50 0:00
Morgan Rielly 0 1 1 3 0 2 0 0 0 0 0/0 16:48 0:00 0:00
Nathan MacKinnon 0 1 1 2 0 2 1 0 1 0 20/32 17:56 1:02 0:00
Nick Schmaltz 0 0 0 -2 0 0 3 0 0 1 0/0 10:41 0:04 0:00
Nikolaj Ehlers 1 1 2 2 0 4 1 0 0 0 0/1 17:44 0:50 0:00
Samuel Morin 0 0 0 1 0 1 1 1 0 0 0/0 11:50 0:00 4:13
Seth Jones 1 0 1 -1 0 2 2 2 0 1 0/0 27:36 1:12 3:11
Teuvo Teravainen 0 0 0 0 0 0 3 0 0 0 0/0 16:13 1:05 0:00
Travis Sanheim 0 2 2 2 4 2 1 2 2 1 0/0 14:38 0:47 1:12
Will Butcher 0 0 0 -1 0 0 1 5 0 1 0/0 21:01 1:11 4:48
Players Stats for Senateurs
Player Name G A P +/- PIM S H SB GA TA FO MP PP MP PK MP
------------------------------------------------------------------------------------
Brandon Sutter 0 0 0 -1 0 1 1 0 1 0 3/8 17:42 2:59 0:43
David Backes 2 1 3 0 0 11 0 0 1 0 2/4 22:27 4:35 0:00
Dennis Everberg 0 1 1 0 0 0 1 1 0 0 0/0 8:05 0:09 0:00
Derick Brassard 0 2 2 1 2 6 4 0 1 1 1/2 24:07 4:44 0:00
Dmitry Sinitsyn 0 0 0 0 0 0 0 2 0 0 0/0 10:35 0:00 0:00
Eric Gelinas 0 0 0 -1 0 3 2 2 1 2 0/0 29:29 3:59 1:17
Erik Gudbranson 0 0 0 -1 0 4 1 1 0 0 0/0 29:29 3:59 1:17
Jordan Martinook 0 0 0 -1 0 1 3 0 0 0 0/1 17:55 2:59 0:56
Ladislav Smid 0 0 0 1 0 1 2 0 1 1 0/0 21:09 3:44 0:42
Mark Stuart 0 0 0 1 0 0 0 2 0 1 0/0 21:09 3:44 0:42
Michael Frolik 0 0 0 -1 0 1 1 0 0 0 0/1 18:06 2:59 0:49
Nick Bjugstad 2 1 3 1 0 6 1 1 0 0 20/42 24:43 4:35 1:03
Pierre-Edouard Bellemare 0 0 0 0 0 0 0 1 1 0 1/2 10:15 0:00 0:03
Riley Sheahan 0 0 0 0 0 1 1 0 0 0 0/0 10:22 0:09 0:00
Taylor Chorney 0 0 0 0 0 2 0 1 0 0 0/0 10:35 0:00 0:00
Tim Schaller 0 0 0 0 0 0 2 0 0 1 0/0 8:37 0:00 0:24
Tomas Nosek 0 0 0 0 0 1 0 0 0 1 2/7 7:55 0:00 0:00
Zachary Sanford 0 0 0 0 0 1 0 0 0 1 0/0 10:12 0:00 0:00
3 Stars
1 - Nick Bjugstad (Ott)
2 - David Backes (Ott)
3 - Nikolaj Ehlers (Stl)
Power Play
Blues - 0 on 1 Attempt(s) - 0.00%
Senateurs - 1 on 5 Attempt(s) - 20.00%
Penalty Kill
Blues - 4 on 5 Attempt(s) - 80.00%
- Score 0 goal in Penalty Kill
Senateurs - 1 on 1 Attempt(s) - 100.00%
- Score 0 goal in Penalty Kill
Team Stat
Blues - Hits : 25 - Faceoff Wins : 38 - Blocked Shots : 17 - Penalty Minutes : 10
Senateurs - Hits : 19 - Faceoff Wins : 29 - Blocked Shots : 11 - Penalty Minutes : 2
Official
Referees : Marc Joannette and Reid Anderson
Linesman : Tyson Baker and Travis Toomey
Game Notes
No Game Note
Finance
Level 1 -- Attendance: 6000 (100.00%) -- Ticket Income $600,000
Level 2 -- Attendance: 4757 (95.14%) -- Ticket Income $285,420
Level 3 -- Attendance: 1891 (94.55%) -- Ticket Income $66,185
Level 4 -- Attendance: 3694 (92.35%) -- Ticket Income $92,350
Luxury Box -- Attendance: 1000 (100.00%) -- Ticket Income $200,000
Game was played at the Centre Canadian Tire.
Total Attendance: 17342 (96.34%)
Total Ticket Income: $1,243,955
Other Income: $186,593
Total Income: $1,430,548
Blues
5 vs 5 Forward
Center Left Wing Right Wing Time % Phy DF OF
1 Nathan MacKinnon Filip Forsberg Nikolaj Ehlers 40 0 2 3
2 Adam Henrique Marko Dano Teuvo Teravainen 30 0 2 3
3 Devin Shore David Perron Nick Schmaltz 20 1 2 2
4 Drew Shore Samuel Morin Luke Glendening 10 0 3 2
5 vs 5 Defense
Defense Defense Time % Phy DF OF
1 Seth Jones Cody Ceci 40 1 2 2
2 Will Butcher Brandon Montour 30 1 2 2
3 Morgan Rielly Travis Sanheim 20 1 2 2
4 Morgan Rielly Seth Jones 10 1 2 2
PowerPlay Forward
Center Left Wing Right Wing Time % Phy DF OF
1 Nathan MacKinnon Filip Forsberg Teuvo Teravainen 60 0 2 3
2 Adam Henrique Marko Dano Nikolaj Ehlers 40 0 2 3
PowerPlay Defense
Defense Defense Time % Phy DF OF
1 Will Butcher Seth Jones 60 0 2 3
2 Brandon Montour Travis Sanheim 40 0 2 3
Penalty Kill 4 Players Forward
Center Wing Time % Phy DF OF
1 Drew Shore Samuel Morin 60 1 3 1
2 Devin Shore Luke Glendening 40 1 3 1
Penalty Kill 4 Players Defense
Defense Defense Time % Phy DF OF
1 Cody Ceci Will Butcher 60 1 2 2
2 Seth Jones Brandon Montour 40 1 2 2
Penalty Kill - 3 Players Forward
Forward Time % Phy DF OF
1 Drew Shore 60 1 2 2
2 Devin Shore 40 1 2 2
Penalty Kill - 3 Players Defense
Defense Defense Time % Phy DF OF
1 Cody Ceci Will Butcher 60 1 2 2
2 Seth Jones Brandon Montour 40 1 2 2
4 vs 4 Forward
Center Wing Time % Phy DF OF
1 Adam Henrique Filip Forsberg 60 1 2 2
2 Nathan MacKinnon David Perron 40 1 2 2
4 vs 4 Defense
Defense Defense Time % Phy DF OF
1 Will Butcher Brandon Montour 60 1 2 2
2 Cody Ceci Seth Jones 40 1 2 2
Last Minutes Offensive
Center Left Wing Right Wing Defense Defense
Nathan MacKinnon Filip Forsberg Teuvo Teravainen Will Butcher Seth Jones
Last Minutes Defensive
Center Left Wing Right Wing Defense Defense
Drew Shore Samuel Morin Luke Glendening Brandon Montour Cody Ceci
Goaltenders
Starting : Carey Price
Backup : Maxime Daigneault
Extra Forwards
Normal : Nikolaj Ehlers, Samuel Morin, Drew Shore - PP : Marko Dano, Teuvo Teravainen - PK : Filip Forsberg
Extra Defensemen
Normal : Cody Ceci, Travis Sanheim, Will Butcher - PP : Cody Ceci - PK : Will Butcher, Travis Sanheim
Penalty Shots
David Perron, Marko Dano, Filip Forsberg, Teuvo Teravainen, Devin Shore
Custom OT Lines Forwards
Filip Forsberg, Nathan MacKinnon, Teuvo Teravainen, Marko Dano, David Perron, Devin Shore, Drew Shore, Nikolaj Ehlers, Adam Henrique, Nick Schmaltz
Custom OT Lines Defensemen
Seth Jones, Will Butcher, Brandon Montour, Travis Sanheim, Cody Ceci
Scratches
Cody Franson (Healthy)
Senateurs
5 vs 5 Forward
Center Left Wing Right Wing Time % Phy DF OF
1 Nick Bjugstad Derick Brassard David Backes 45 1 2 2
2 Brandon Sutter Jordan Martinook Michael Frolik 30 1 2 2
3 Pierre-Edouard Bellemare Zachary Sanford Riley Sheahan 15 1 2 2
4 Tomas Nosek Tim Schaller Dennis Everberg 10 1 2 2
5 vs 5 Defense
Defense Defense Time % Phy DF OF
1 Erik Gudbranson Eric Gelinas 45 1 2 2
2 Mark Stuart Ladislav Smid 30 1 2 2
3 Taylor Chorney Dmitry Sinitsyn 15 1 2 2
4 Erik Gudbranson Eric Gelinas 10 1 2 2
PowerPlay Forward
Center Left Wing Right Wing Time % Phy DF OF
1 Nick Bjugstad Derick Brassard David Backes 60 1 2 2
2 Brandon Sutter Jordan Martinook Michael Frolik 40 1 2 2
PowerPlay Defense
Defense Defense Time % Phy DF OF
1 Erik Gudbranson Eric Gelinas 60 1 2 2
2 Mark Stuart Ladislav Smid 40 1 2 2
Penalty Kill 4 Players Forward
Center Wing Time % Phy DF OF
1 Nick Bjugstad Derick Brassard 60 1 2 2
2 Brandon Sutter Jordan Martinook 40 1 2 2
Penalty Kill 4 Players Defense
Defense Defense Time % Phy DF OF
1 Erik Gudbranson Eric Gelinas 60 1 2 2
2 Mark Stuart Ladislav Smid 40 1 2 2
Penalty Kill - 3 Players Forward
Forward Time % Phy DF OF
1 Nick Bjugstad 60 1 2 2
2 Brandon Sutter 40 1 2 2
Penalty Kill - 3 Players Defense
Defense Defense Time % Phy DF OF
1 Erik Gudbranson Eric Gelinas 60 1 2 2
2 Mark Stuart Ladislav Smid 40 1 2 2
4 vs 4 Forward
Center Wing Time % Phy DF OF
1 Nick Bjugstad Derick Brassard 60 1 2 2
2 Brandon Sutter Jordan Martinook 40 1 2 2
4 vs 4 Defense
Defense Defense Time % Phy DF OF
1 Erik Gudbranson Eric Gelinas 60 1 2 2
2 Mark Stuart Ladislav Smid 40 1 2 2
Last Minutes Offensive
Center Left Wing Right Wing Defense Defense
Nick Bjugstad Derick Brassard David Backes Erik Gudbranson Eric Gelinas
Last Minutes Defensive
Center Left Wing Right Wing Defense Defense
Nick Bjugstad Derick Brassard David Backes Erik Gudbranson Eric Gelinas
Goaltenders
Starting : Martin Jones
Backup : Jaroslav Halak
Extra Forwards
Normal : Michael Frolik, Riley Sheahan, Zachary Sanford - PP : Michael Frolik, Riley Sheahan - PK : Michael Frolik
Extra Defensemen
Normal : Ladislav Smid, Taylor Chorney, Dmitry Sinitsyn - PP : Ladislav Smid - PK : Ladislav Smid, Taylor Chorney
Penalty Shots
Nick Bjugstad, Derick Brassard, Brandon Sutter, David Backes, Michael Frolik
Custom OT Lines Forwards
Nick Bjugstad, Derick Brassard, Brandon Sutter, David Backes, Michael Frolik, Riley Sheahan, Pierre-Edouard Bellemare, Jordan Martinook, Dennis Everberg, Tim Schaller
Custom OT Lines Defensemen
Erik Gudbranson, Eric Gelinas, Mark Stuart, Ladislav Smid, Taylor Chorney
Scratches
Braydon Coburn (Healthy), Kyle Rau (Healthy), Rostislav Olesz (Healthy)
% Time on Ice - Blues
Lines # - Real PCT - Wanted PCT - Time Play
Normal Forward
1 - 35% - 40% - 17:33
2 - 30% - 30% - 15:10
3 - 21% - 20% - 10:22
4 - 14% - 10% - 7:13
Normal Defense
1 - 39% - 40% - 19:35
2 - 28% - 30% - 13:55
3 - 21% - 20% - 10:34
4 - 12% - 10% - 6:14
PP Forward
1 - 58% - 60% - 1:09
2 - 42% - 40% - 0:50
PP Defense
1 - 61% - 60% - 1:12
2 - 39% - 40% - 0:47
PK Forward
1 - 81% - 60% - 6:13
2 - 19% - 40% - 1:30
PK Defense
1 - 59% - 60% - 4:32
2 - 41% - 40% - 3:11
PK3 Forward
1 - 100% - 60% - 0:16
2 - 0% - 40% - 0:00
PK3 Defense
1 - 100% - 60% - 0:16
2 - 0% - 40% - 0:00
44 Forward
1 - 0% - 60%
2 - 0% - 40%
44 Defense
1 - 0% - 60%
2 - 0% - 40%
Last Minute Offensive - 0:00
Last Minute Defensive - 0:00
Total
Forward - 60:16
Defense - 60:16
|
% Time on Ice - Senateurs
Lines # - Real PCT - Wanted PCT - Time Play
Normal Forward
1 - 36% - 45% - 18:11
2 - 28% - 30% - 14:00
3 - 20% - 15% - 10:12
4 - 16% - 10% - 7:55
Normal Defense
1 - 41% - 45% - 20:43
2 - 33% - 30% - 16:43
3 - 21% - 15% - 10:35
4 - 5% - 10% - 2:17
PP Forward
1 - 61% - 60% - 4:44
2 - 39% - 40% - 2:59
PP Defense
1 - 52% - 60% - 3:59
2 - 48% - 40% - 3:44
PK Forward
1 - 100% - 60% - 1:59
2 - 0% - 40% - 0:00
PK Defense
1 - 65% - 60% - 1:17
2 - 35% - 40% - 0:42
PK3 Forward
1 - 0% - 60%
2 - 0% - 40%
PK3 Defense
1 - 0% - 60%
2 - 0% - 40%
44 Forward
1 - 100% - 60% - 0:16
2 - 0% - 40% - 0:00
44 Defense
1 - 100% - 60% - 0:16
2 - 0% - 40% - 0:00
Last Minute Offensive - 0:00
Last Minute Defensive - 0:00
Total
Forward - 60:16
Defense - 60:16
|
Play-by-Play
1st period
0:01 of 1st period - Nathan MacKinnon wins face-off versus Nick Bjugstad in neutral zone.
0:12 of 1st period - Wrist shot by David Backes.
0:12 of 1st period - Stopped by Carey Price without a rebound.
0:13 of 1st period - Brandon Sutter wins face-off versus Adam Henrique in Blues zone.
0:22 of 1st period - Wrist shot by Jordan Martinook.
0:22 of 1st period - Deflect By Michael Frolik.
0:22 of 1st period - Shot Misses the Net.
0:22 of 1st period - Puck is out of play.
0:23 of 1st period - Brandon Sutter wins face-off versus Adam Henrique in Blues zone.
0:36 of 1st period - Snap shot by Adam Henrique.
0:36 of 1st period - Stopped by Martin Jones with a rebound.
0:46 of 1st period - Wrist shot by Marko Dano.
0:46 of 1st period - Stopped by Martin Jones without a rebound.
0:47 of 1st period - David Backes wins face-off versus David Perron in Senateurs zone.
1:25 of 1st period - Wrist shot by Filip Forsberg.
1:25 of 1st period - Stopped by Martin Jones without a rebound.
1:26 of 1st period - Drew Shore wins face-off versus Tomas Nosek in Senateurs zone.
1:31 of 1st period - Wrist shot by Seth Jones.
1:31 of 1st period - Deflect By Drew Shore.
1:31 of 1st period - Shot Blocked by Dmitry Sinitsyn.
1:31 of 1st period - Puck is out of play.
1:32 of 1st period - Drew Shore wins face-off versus Tomas Nosek in Senateurs zone.
1:33 of 1st period - Slapshot by Seth Jones.
1:33 of 1st period - Deflect By Drew Shore.
1:33 of 1st period - Shot Misses the Net.
1:33 of 1st period - Puck is out of play.
1:34 of 1st period - Tomas Nosek wins face-off versus Drew Shore in Senateurs zone.
2:37 of 1st period - Slapshot by Seth Jones.
2:37 of 1st period - Shot Blocked by Dmitry Sinitsyn.
2:39 of 1st period - Slapshot by Cody Ceci.
2:39 of 1st period - Stopped by Martin Jones without a rebound.
2:40 of 1st period - David Backes wins face-off versus Nathan MacKinnon in Senateurs zone.
2:45 of 1st period - Brandon Montour is hit by Eric Gelinas and loses puck.
3:06 of 1st period - Brandon Montour is hit by Jordan Martinook and loses puck.
3:13 of 1st period - Wrist shot by Brandon Sutter.
3:13 of 1st period - Shot Blocked by Adam Henrique.
4:22 of 1st period - Backhand shot by Derick Brassard.
4:22 of 1st period - Deflect By David Backes.
4:22 of 1st period - Shot Blocked by Cody Ceci.
4:22 of 1st period - Puck is out of play.
4:23 of 1st period - Adam Henrique wins face-off versus Nick Bjugstad in Blues zone.
4:40 of 1st period - Slapshot by Nick Bjugstad.
4:40 of 1st period - Shot Hit the Post.
5:14 of 1st period - David Backes is hit by Teuvo Teravainen and loses puck.
5:25 of 1st period - Wrist shot by David Backes.
5:25 of 1st period - Shot Misses the Net.
5:27 of 1st period - Slapshot by David Backes.
5:27 of 1st period - Shot Misses the Net.
5:29 of 1st period - Slapshot by Erik Gudbranson.
5:29 of 1st period - Stopped by Carey Price with a rebound.
5:31 of 1st period - Wrist shot by David Backes.
5:31 of 1st period - Stopped by Carey Price with a rebound.
5:33 of 1st period - Slapshot by Eric Gelinas.
5:33 of 1st period - Stopped by Carey Price with a rebound.
5:57 of 1st period - Snap shot by David Backes.
5:57 of 1st period - Stopped by Carey Price with a rebound.
5:59 of 1st period - Slapshot by Eric Gelinas.
5:59 of 1st period - Shot Blocked by Will Butcher.
6:01 of 1st period - Slapshot by Erik Gudbranson.
6:01 of 1st period - Shot Blocked by Will Butcher.
6:07 of 1st period - Wrist shot by Derick Brassard.
6:07 of 1st period - Stopped by Carey Price with a rebound.
6:23 of 1st period - Snap shot by Adam Henrique.
6:23 of 1st period - Stopped by Martin Jones with a rebound.
6:29 of 1st period - Erik Gudbranson is hit by Marko Dano and loses puck.
7:12 of 1st period - Wrist shot by Derick Brassard.
7:12 of 1st period - Deflect By Brandon Montour.
7:12 of 1st period - Shot Misses the Net.
7:12 of 1st period - Puck is out of play.
7:13 of 1st period - Nathan MacKinnon wins face-off versus Jordan Martinook in Blues zone.
7:13 of 1st period - Nathan MacKinnon is hit by Brandon Sutter.
7:41 of 1st period - Seth Jones is hit by Ladislav Smid and loses puck.
7:57 of 1st period - Icing by Devin Shore.
7:58 of 1st period - Devin Shore wins face-off versus Tomas Nosek in Blues zone.
8:05 of 1st period - Slapshot by Seth Jones.
8:05 of 1st period - Shot Misses the Net.
8:33 of 1st period - Slapshot by Devin Shore.
8:33 of 1st period - Stopped by Martin Jones with a rebound.
8:45 of 1st period - Michael Frolik is hit by Drew Shore and loses puck.
9:20 of 1st period - Snap shot by Filip Forsberg.
9:20 of 1st period - Deflect By Nathan MacKinnon.
9:20 of 1st period - Shot Misses the Net.
9:20 of 1st period - Puck is out of play.
9:21 of 1st period - Pierre-Edouard Bellemare wins face-off versus Nathan MacKinnon in Senateurs zone.
9:38 of 1st period - Snap shot by Zachary Sanford.
9:38 of 1st period - Shot Misses the Net.
9:56 of 1st period - Wrist shot by Riley Sheahan.
9:56 of 1st period - Shot Misses the Net.
9:58 of 1st period - Snap shot by Pierre-Edouard Bellemare.
9:58 of 1st period - Shot Misses the Net.
10:14 of 1st period - Snap shot by Pierre-Edouard Bellemare.
10:14 of 1st period - Shot Misses the Net.
11:08 of 1st period - Snap shot by Riley Sheahan.
11:08 of 1st period - Stopped by Carey Price without a rebound.
11:09 of 1st period - Devin Shore wins face-off versus Brandon Sutter in Blues zone.
11:36 of 1st period - Luke Glendening is hit by Tim Schaller and loses puck.
12:18 of 1st period - Dmitry Sinitsyn is hit by David Perron and loses puck.
12:38 of 1st period - Icing by Taylor Chorney.
12:39 of 1st period - Nick Bjugstad wins face-off versus Luke Glendening in Senateurs zone.
12:44 of 1st period - Snap shot by Derick Brassard.
12:44 of 1st period - Deflect By David Backes.
12:44 of 1st period - Stopped by Carey Price without a rebound.
12:45 of 1st period - Devin Shore wins face-off versus Nick Bjugstad in Blues zone.
12:56 of 1st period - Erik Gudbranson is hit by Devin Shore and loses puck.
13:01 of 1st period - Snap shot by David Perron.
13:01 of 1st period - Shot Misses the Net.
14:04 of 1st period - Snap shot by Brandon Montour.
14:04 of 1st period - Stopped by Martin Jones without a rebound.
14:05 of 1st period - Nick Bjugstad wins face-off versus Nathan MacKinnon in Senateurs zone.
14:18 of 1st period - Derick Brassard is hit by Seth Jones and loses puck.
14:56 of 1st period - Wrist shot by David Backes.
14:56 of 1st period - Goal by David Backes - Blues : 0 - Senateurs : 1.
14:57 of 1st period - Nathan MacKinnon wins face-off versus Michael Frolik in neutral zone.
14:57 of 1st period - Filip Forsberg is hit by Eric Gelinas and loses puck.
16:51 of 1st period - Derick Brassard is hit by Samuel Morin and loses puck.
16:58 of 1st period - Travis Sanheim is hit by Nick Bjugstad and loses puck.
17:14 of 1st period - Off-side.
17:15 of 1st period - David Perron wins face-off versus Tomas Nosek in neutral zone.
17:18 of 1st period - Tomas Nosek is hit by Will Butcher and loses puck.
17:49 of 1st period - Slapshot by David Backes.
17:49 of 1st period - Stopped by Carey Price with a rebound.
17:51 of 1st period - Slapshot by Taylor Chorney.
17:51 of 1st period - Shot Blocked by Will Butcher.
18:29 of 1st period - Slapshot by Erik Gudbranson.
18:29 of 1st period - Stopped by Carey Price without a rebound.
18:30 of 1st period - Nathan MacKinnon wins face-off versus Nick Bjugstad in Blues zone.
18:47 of 1st period - Slapshot by Filip Forsberg.
18:47 of 1st period - Stopped by Martin Jones with a rebound.
Goals for this period are 0 for Blues vs 1 for Senateurs.
Shots for this period are 8 for Blues vs 11 for Senateurs.
2nd period
0:01 of 2nd period - Filip Forsberg wins face-off versus David Backes in neutral zone.
0:39 of 2nd period - Slapshot by Adam Henrique.
0:39 of 2nd period - Deflect By Jordan Martinook.
0:39 of 2nd period - Shot Misses the Net.
0:39 of 2nd period - Puck is out of play.
0:40 of 2nd period - Nathan MacKinnon wins face-off versus Nick Bjugstad in Senateurs zone.
1:05 of 2nd period - Jordan Martinook is hit by Marko Dano and loses puck.
1:14 of 2nd period - Snap shot by Brandon Sutter.
1:14 of 2nd period - Stopped by Carey Price without a rebound.
1:15 of 2nd period - Devin Shore wins face-off versus Nick Bjugstad in Blues zone.
1:20 of 2nd period - Snap shot by Nick Schmaltz.
1:20 of 2nd period - Shot Blocked by Taylor Chorney.
1:25 of 2nd period - Off-side.
1:26 of 2nd period - Nathan MacKinnon wins face-off versus Nick Bjugstad in neutral zone.
1:53 of 2nd period - Brandon Sutter is hit by Teuvo Teravainen and loses puck.
2:14 of 2nd period - Travis Sanheim is hit by Riley Sheahan and loses puck.
2:24 of 2nd period - Minor Penalty to Travis Sanheim for Holding.
2:25 of 2nd period - Nick Bjugstad wins face-off versus Drew Shore in Blues zone.
3:42 of 2nd period - Mark Stuart is hit by David Perron and loses puck.
3:49 of 2nd period - Derick Brassard is hit by Seth Jones and loses puck.
4:20 of 2nd period - Devin Shore is hit by Derick Brassard and loses puck.
4:24 of 2nd period - Penalty to Travis Sanheim is over, Travis Sanheim is back on ice.
4:50 of 2nd period - Wrist shot by Nikolaj Ehlers.
4:50 of 2nd period - Stopped by Martin Jones with a rebound.
5:08 of 2nd period - Riley Sheahan is hit by Nick Schmaltz.
5:34 of 2nd period - Derick Brassard is hit by Drew Shore and loses puck.
6:29 of 2nd period - Zachary Sanford is hit by Marko Dano and loses puck.
6:44 of 2nd period - Dmitry Sinitsyn is hit by Cody Ceci.
6:50 of 2nd period - Nick Schmaltz is hit by Tim Schaller and loses puck.
7:09 of 2nd period - Snap shot by Nikolaj Ehlers.
7:09 of 2nd period - Stopped by Martin Jones without a rebound.
7:10 of 2nd period - Nathan MacKinnon wins face-off versus Nick Bjugstad in Senateurs zone.
7:17 of 2nd period - Wrist shot by Nick Bjugstad.
7:17 of 2nd period - Stopped by Carey Price without a rebound.
7:18 of 2nd period - Nick Bjugstad wins face-off versus Filip Forsberg in Blues zone.
7:25 of 2nd period - Snap shot by Nick Bjugstad.
7:25 of 2nd period - Stopped by Carey Price without a rebound.
7:26 of 2nd period - Nathan MacKinnon wins face-off versus Nick Bjugstad in Blues zone.
7:31 of 2nd period - Slapshot by Morgan Rielly.
7:31 of 2nd period - Deflect By Nathan MacKinnon.
7:31 of 2nd period - Deflect By Derick Brassard.
7:31 of 2nd period - Stopped by Martin Jones with a rebound.
7:33 of 2nd period - Snap shot by Nathan MacKinnon.
7:33 of 2nd period - Stopped by Martin Jones with a rebound.
7:35 of 2nd period - Slapshot by Travis Sanheim.
7:35 of 2nd period - Shot Blocked by Eric Gelinas.
7:37 of 2nd period - Slapshot by Travis Sanheim.
7:37 of 2nd period - Shot Blocked by Erik Gudbranson.
7:39 of 2nd period - Wrist shot by Nikolaj Ehlers.
7:39 of 2nd period - Deflect By Filip Forsberg.
7:39 of 2nd period - Goal by Filip Forsberg - Blues : 1 - Senateurs : 1.
7:40 of 2nd period - Nathan MacKinnon wins face-off versus Nick Bjugstad in neutral zone.
7:57 of 2nd period - Slapshot by Nathan MacKinnon.
7:57 of 2nd period - Shot Misses the Net.
8:56 of 2nd period - Snap shot by David Backes.
8:56 of 2nd period - Deflect By David Perron.
8:56 of 2nd period - Goal by David Backes - Blues : 1 - Senateurs : 2.
8:57 of 2nd period - Nathan MacKinnon wins face-off versus Nick Bjugstad in neutral zone.
9:19 of 2nd period - Derick Brassard is hit by Nathan MacKinnon and loses puck.
9:34 of 2nd period - Slapshot by Adam Henrique.
9:34 of 2nd period - Stopped by Martin Jones without a rebound.
9:35 of 2nd period - Adam Henrique wins face-off versus Brandon Sutter in Senateurs zone.
9:56 of 2nd period - Snap shot by Jordan Martinook.
9:56 of 2nd period - Shot Misses the Net.
9:58 of 2nd period - Slapshot by Ladislav Smid.
9:58 of 2nd period - Stopped by Carey Price with a rebound.
10:16 of 2nd period - Wrist shot by Jordan Martinook.
10:16 of 2nd period - Shot Misses the Net.
10:18 of 2nd period - Slapshot by Taylor Chorney.
10:18 of 2nd period - Stopped by Carey Price with a rebound.
10:20 of 2nd period - Snap shot by Brandon Sutter.
10:20 of 2nd period - Deflect By Michael Frolik.
10:20 of 2nd period - Stopped by Carey Price with a rebound.
10:34 of 2nd period - Wrist shot by Brandon Sutter.
10:34 of 2nd period - Shot Blocked by Seth Jones.
10:36 of 2nd period - Slapshot by Erik Gudbranson.
10:36 of 2nd period - Shot Blocked by Marko Dano.
10:38 of 2nd period - Wrist shot by Erik Gudbranson.
10:38 of 2nd period - Shot Blocked by Seth Jones.
11:02 of 2nd period - Wrist shot by Jordan Martinook.
11:02 of 2nd period - Stopped by Carey Price without a rebound.
11:03 of 2nd period - Nick Bjugstad wins face-off versus Nathan MacKinnon in Blues zone.
11:07 of 2nd period - Minor Penalty to Travis Sanheim for Slashing.
11:08 of 2nd period - Nick Bjugstad wins face-off versus Drew Shore in Blues zone.
11:08 of 2nd period - Slapshot by David Backes.
11:08 of 2nd period - Shot Misses the Net.
11:10 of 2nd period - Wrist shot by Nick Bjugstad.
11:10 of 2nd period - Goal by Nick Bjugstad - Blues : 1 - Senateurs : 3.
11:11 of 2nd period - Nathan MacKinnon wins face-off versus Nick Bjugstad in neutral zone.
11:25 of 2nd period - Off-side.
11:26 of 2nd period - Nathan MacKinnon wins face-off versus Nick Bjugstad in neutral zone.
11:41 of 2nd period - Slapshot by Nikolaj Ehlers.
11:41 of 2nd period - Shot Misses the Net.
12:41 of 2nd period - Mark Stuart is hit by Adam Henrique and loses puck.
13:44 of 2nd period - Wrist shot by Drew Shore.
13:44 of 2nd period - Stopped by Martin Jones with a rebound.
14:45 of 2nd period - Snap shot by Brandon Sutter.
14:45 of 2nd period - Shot Misses the Net.
14:47 of 2nd period - Snap shot by Brandon Sutter.
14:47 of 2nd period - Shot Misses the Net.
14:49 of 2nd period - Snap shot by Jordan Martinook.
14:49 of 2nd period - Shot Misses the Net.
15:25 of 2nd period - Snap shot by Derick Brassard.
15:25 of 2nd period - Stopped by Carey Price without a rebound.
15:26 of 2nd period - Nick Bjugstad wins face-off versus Nathan MacKinnon in Blues zone.
15:31 of 2nd period - Wrist shot by Nick Bjugstad.
15:31 of 2nd period - Deflect By Derick Brassard.
15:31 of 2nd period - Stopped by Carey Price without a rebound.
15:32 of 2nd period - Nathan MacKinnon wins face-off versus Nick Bjugstad in Blues zone.
15:42 of 2nd period - Derick Brassard is hit by Nikolaj Ehlers.
16:00 of 2nd period - Brandon Montour is hit by Jordan Martinook and loses puck.
16:23 of 2nd period - Pierre-Edouard Bellemare is hit by Marko Dano and loses puck.
16:46 of 2nd period - Slapshot by Drew Shore.
16:46 of 2nd period - Stopped by Martin Jones without a rebound.
16:47 of 2nd period - Nathan MacKinnon wins face-off versus David Backes in Senateurs zone.
16:50 of 2nd period - Wrist shot by Filip Forsberg.
16:50 of 2nd period - Stopped by Martin Jones without a rebound.
16:51 of 2nd period - Nick Bjugstad wins face-off versus Nathan MacKinnon in Senateurs zone.
17:30 of 2nd period - Wrist shot by Michael Frolik.
17:30 of 2nd period - Shot Blocked by Travis Sanheim.
18:10 of 2nd period - Slapshot by Samuel Morin.
18:10 of 2nd period - Stopped by Martin Jones with a rebound.
18:28 of 2nd period - Wrist shot by Filip Forsberg.
18:28 of 2nd period - Shot Misses the Net.
18:30 of 2nd period - Slapshot by Will Butcher.
18:30 of 2nd period - Shot Blocked by Mark Stuart.
18:32 of 2nd period - Snap shot by Filip Forsberg.
18:32 of 2nd period - Shot Blocked by Mark Stuart.
18:34 of 2nd period - Snap shot by Nathan MacKinnon.
18:34 of 2nd period - Shot Misses the Net.
18:51 of 2nd period - Slapshot by Taylor Chorney.
18:51 of 2nd period - Stopped by Carey Price with a rebound.
18:53 of 2nd period - Snap shot by Derick Brassard.
18:53 of 2nd period - Shot Blocked by Will Butcher.
18:55 of 2nd period - Wrist shot by Derick Brassard.
18:55 of 2nd period - Shot Misses the Net.
19:29 of 2nd period - Slapshot by Seth Jones.
19:29 of 2nd period - Goal by Seth Jones - Blues : 2 - Senateurs : 3.
19:30 of 2nd period - Nick Bjugstad wins face-off versus Nathan MacKinnon in neutral zone.
Goals for this period are 2 for Blues vs 2 for Senateurs.
Shots for this period are 11 for Blues vs 12 for Senateurs.
3rd period
0:01 of 3rd period - Nathan MacKinnon wins face-off versus Nick Bjugstad in neutral zone.
0:09 of 3rd period - Wrist shot by Nathan MacKinnon.
0:09 of 3rd period - Shot Misses the Net.
0:11 of 3rd period - Snap shot by Travis Sanheim.
0:11 of 3rd period - Deflect By Nick Bjugstad.
0:11 of 3rd period - Stopped by Martin Jones with a rebound.
0:13 of 3rd period - Slapshot by Morgan Rielly.
0:13 of 3rd period - Stopped by Martin Jones without a rebound.
0:14 of 3rd period - Derick Brassard wins face-off versus Nathan MacKinnon in Senateurs zone.
0:14 of 3rd period - Derick Brassard is hit by Travis Sanheim.
0:24 of 3rd period - Wrist shot by Nikolaj Ehlers.
0:24 of 3rd period - Goal by Nikolaj Ehlers - Blues : 3 - Senateurs : 3.
0:25 of 3rd period - Nick Bjugstad wins face-off versus Nathan MacKinnon in neutral zone.
0:34 of 3rd period - Snap shot by David Backes.
0:34 of 3rd period - Shot Misses the Net.
0:36 of 3rd period - Snap shot by David Backes.
0:36 of 3rd period - Shot Misses the Net.
0:38 of 3rd period - Slapshot by Erik Gudbranson.
0:38 of 3rd period - Shot Blocked by Filip Forsberg.
0:40 of 3rd period - Slapshot by Eric Gelinas.
0:40 of 3rd period - Stopped by Carey Price without a rebound.
0:41 of 3rd period - Brandon Sutter wins face-off versus Adam Henrique in Blues zone.
0:48 of 3rd period - Slapshot by Brandon Sutter.
0:48 of 3rd period - Shot Misses the Net.
0:54 of 3rd period - Backhand shot by Travis Sanheim.
0:54 of 3rd period - Shot Blocked by Eric Gelinas.
0:56 of 3rd period - Snap shot by Travis Sanheim.
0:56 of 3rd period - Stopped by Martin Jones with a rebound.
1:08 of 3rd period - Erik Gudbranson is hit by Nick Schmaltz and loses puck.
1:14 of 3rd period - Off-side.
1:15 of 3rd period - Nick Bjugstad wins face-off versus Devin Shore in neutral zone.
1:49 of 3rd period - Snap shot by Nikolaj Ehlers.
1:49 of 3rd period - Shot Misses the Net.
2:29 of 3rd period - Samuel Morin is hit by Jordan Martinook and loses puck.
3:17 of 3rd period - Icing by Morgan Rielly.
3:18 of 3rd period - Nathan MacKinnon wins face-off versus Brandon Sutter in Blues zone.
3:45 of 3rd period - Adam Henrique is hit by Derick Brassard and loses puck.
4:18 of 3rd period - Snap shot by Zachary Sanford.
4:18 of 3rd period - Stopped by Carey Price without a rebound.
4:19 of 3rd period - Nathan MacKinnon wins face-off versus Brandon Sutter in Blues zone.
4:45 of 3rd period - Nick Bjugstad is hit by Teuvo Teravainen and loses puck.
5:17 of 3rd period - Wrist shot by Will Butcher.
5:17 of 3rd period - Deflect By David Perron.
5:17 of 3rd period - Stopped by Martin Jones without a rebound.
5:18 of 3rd period - Nathan MacKinnon wins face-off versus Nick Bjugstad in Senateurs zone.
5:56 of 3rd period - Wrist shot by Marko Dano.
5:56 of 3rd period - Stopped by Martin Jones without a rebound.
5:57 of 3rd period - Filip Forsberg wins face-off versus Nick Bjugstad in Senateurs zone.
6:29 of 3rd period - Slapshot by Nikolaj Ehlers.
6:29 of 3rd period - Deflect By Nathan MacKinnon.
6:29 of 3rd period - Shot Blocked by Pierre-Edouard Bellemare.
6:29 of 3rd period - Puck is out of play.
6:30 of 3rd period - Adam Henrique wins face-off versus Pierre-Edouard Bellemare in Senateurs zone.
6:35 of 3rd period - Snap shot by Marko Dano.
6:35 of 3rd period - Stopped by Martin Jones with a rebound.
6:47 of 3rd period - Slapshot by Seth Jones.
6:47 of 3rd period - Stopped by Martin Jones without a rebound.
6:48 of 3rd period - Nick Bjugstad wins face-off versus Nathan MacKinnon in Senateurs zone.
6:57 of 3rd period - Wrist shot by David Backes.
6:57 of 3rd period - Stopped by Carey Price with a rebound.
6:59 of 3rd period - Slapshot by Nick Bjugstad.
6:59 of 3rd period - Stopped by Carey Price without a rebound.
7:00 of 3rd period - Nathan MacKinnon wins face-off versus Nick Bjugstad in Blues zone.
7:27 of 3rd period - Jordan Martinook is hit by Marko Dano and loses puck.
8:22 of 3rd period - Drew Shore is hit by Dennis Everberg and loses puck.
8:43 of 3rd period - Wrist shot by David Backes.
8:43 of 3rd period - Shot Misses the Net.
8:45 of 3rd period - Slapshot by Mark Stuart.
8:45 of 3rd period - Deflect By Derick Brassard.
8:45 of 3rd period - Shot Blocked by Cody Ceci.
8:45 of 3rd period - Puck is out of play.
8:46 of 3rd period - Nick Bjugstad wins face-off versus Nathan MacKinnon in Blues zone.
8:59 of 3rd period - Snap shot by Filip Forsberg.
8:59 of 3rd period - Stopped by Martin Jones without a rebound.
9:00 of 3rd period - Nick Bjugstad wins face-off versus Nikolaj Ehlers in Senateurs zone.
9:07 of 3rd period - Slapshot by Erik Gudbranson.
9:07 of 3rd period - Stopped by Carey Price with a rebound.
9:37 of 3rd period - Slapshot by Brandon Sutter.
9:37 of 3rd period - Shot Misses the Net.
9:39 of 3rd period - Wrist shot by Brandon Sutter.
9:39 of 3rd period - Shot Blocked by Marko Dano.
9:41 of 3rd period - Snap shot by Jordan Martinook.
9:41 of 3rd period - Shot Misses the Net.
9:47 of 3rd period - Minor Penalty to Marko Dano for Hooking.
9:48 of 3rd period - Nick Bjugstad wins face-off versus Drew Shore in Blues zone.
9:51 of 3rd period - Wrist shot by David Backes.
9:51 of 3rd period - Stopped by Carey Price without a rebound.
9:52 of 3rd period - Drew Shore wins face-off versus Nick Bjugstad in Blues zone.
9:52 of 3rd period - Drew Shore is hit by Derick Brassard.
11:39 of 3rd period - Cody Ceci is hit by Ladislav Smid and loses puck.
11:47 of 3rd period - Penalty to Marko Dano is over, Marko Dano is back on ice.
12:01 of 3rd period - Wrist shot by Marko Dano.
12:01 of 3rd period - Shot Misses the Net.
12:03 of 3rd period - Slapshot by Morgan Rielly.
12:03 of 3rd period - Shot Misses the Net.
12:05 of 3rd period - Slapshot by Morgan Rielly.
12:05 of 3rd period - Stopped by Martin Jones without a rebound.
12:06 of 3rd period - Tomas Nosek wins face-off versus Devin Shore in Senateurs zone.
12:06 of 3rd period - Tomas Nosek is hit by Nick Schmaltz.
12:16 of 3rd period - Snap shot by Dennis Everberg.
12:16 of 3rd period - Shot Misses the Net.
12:18 of 3rd period - Slapshot by Eric Gelinas.
12:18 of 3rd period - Shot Misses the Net.
12:20 of 3rd period - Slapshot by Eric Gelinas.
12:20 of 3rd period - Shot Misses the Net.
12:22 of 3rd period - Snap shot by Dennis Everberg.
12:22 of 3rd period - Deflect By Tomas Nosek.
12:22 of 3rd period - Stopped by Carey Price with a rebound.
12:41 of 3rd period - Slapshot by Brandon Sutter.
12:41 of 3rd period - Shot Misses the Net.
12:43 of 3rd period - Wrist shot by Jordan Martinook.
12:43 of 3rd period - Deflect By Travis Sanheim.
12:43 of 3rd period - Shot Blocked by Travis Sanheim.
12:43 of 3rd period - Puck is out of play.
12:44 of 3rd period - Nathan MacKinnon wins face-off versus Nick Bjugstad in Blues zone.
12:44 of 3rd period - Nathan MacKinnon is hit by Derick Brassard.
12:47 of 3rd period - Minor Penalty to Cody Ceci for Close Hand On Puck.
12:48 of 3rd period - Nick Bjugstad wins face-off versus Drew Shore in Blues zone.
12:48 of 3rd period - Snap shot by Derick Brassard.
12:48 of 3rd period - Stopped by Carey Price with a rebound.
12:50 of 3rd period - Wrist shot by David Backes.
12:50 of 3rd period - Stopped by Carey Price with a rebound.
12:52 of 3rd period - Wrist shot by Derick Brassard.
12:52 of 3rd period - Stopped by Carey Price with a rebound.
12:54 of 3rd period - Slapshot by Nick Bjugstad.
12:54 of 3rd period - Shot Blocked by Samuel Morin.
12:56 of 3rd period - Slapshot by Erik Gudbranson.
12:56 of 3rd period - Stopped by Carey Price without a rebound.
12:57 of 3rd period - Nick Bjugstad wins face-off versus Drew Shore in Blues zone.
13:14 of 3rd period - Slapshot by David Backes.
13:14 of 3rd period - Shot Blocked by Will Butcher.
13:16 of 3rd period - Wrist shot by David Backes.
13:16 of 3rd period - Stopped by Carey Price without a rebound.
13:17 of 3rd period - Drew Shore wins face-off versus Brandon Sutter in Blues zone.
13:44 of 3rd period - Will Butcher is hit by Erik Gudbranson and loses puck.
13:49 of 3rd period - Snap shot by Nick Bjugstad.
13:49 of 3rd period - Stopped by Carey Price with a rebound.
13:51 of 3rd period - Wrist shot by Mark Stuart.
13:51 of 3rd period - Shot Blocked by Drew Shore.
14:47 of 3rd period - Penalty to Cody Ceci is over, Cody Ceci is back on ice.
15:02 of 3rd period - Slapshot by Seth Jones.
15:02 of 3rd period - Shot Misses the Net.
15:04 of 3rd period - Backhand shot by Cody Ceci.
15:04 of 3rd period - Shot Misses the Net.
15:06 of 3rd period - Slapshot by Cody Ceci.
15:06 of 3rd period - Deflect By Adam Henrique.
15:06 of 3rd period - Shot Misses the Net.
15:06 of 3rd period - Puck is out of play.
15:07 of 3rd period - Devin Shore wins face-off versus Tomas Nosek in Senateurs zone.
15:23 of 3rd period - Snap shot by Nick Schmaltz.
15:23 of 3rd period - Shot Blocked by Dennis Everberg.
15:41 of 3rd period - Slapshot by Cody Ceci.
15:41 of 3rd period - Deflect By Nikolaj Ehlers.
15:41 of 3rd period - Stopped by Martin Jones without a rebound.
15:42 of 3rd period - Devin Shore wins face-off versus Nick Bjugstad in Senateurs zone.
15:46 of 3rd period - Minor Penalty to Derick Brassard for Holding.
15:47 of 3rd period - Nick Bjugstad wins face-off versus Nathan MacKinnon in Senateurs zone.
15:55 of 3rd period - Will Butcher is hit by Michael Frolik and loses puck.
16:28 of 3rd period - Slapshot by Seth Jones.
16:28 of 3rd period - Shot Blocked by Nick Bjugstad.
17:46 of 3rd period - Penalty to Derick Brassard is over, Derick Brassard is back on ice.
18:16 of 3rd period - Minor Penalty to Drew Shore for Hooking.
18:17 of 3rd period - Filip Forsberg wins face-off versus Nick Bjugstad in Blues zone.
18:49 of 3rd period - Backhand shot by Eric Gelinas.
18:49 of 3rd period - Stopped by Carey Price with a rebound.
19:44 of 3rd period - Icing by David Backes.
19:45 of 3rd period - Devin Shore wins face-off versus Derick Brassard in Senateurs zone.
Goals for this period are 1 for Blues vs 0 for Senateurs.
Shots for this period are 11 for Blues vs 14 for Senateurs.
Overtime #1
0:01 of 1st overtime period - Nick Bjugstad wins face-off versus Filip Forsberg in neutral zone.
0:08 of 1st overtime period - Slapshot by Derick Brassard.
0:08 of 1st overtime period - Stopped by Carey Price without a rebound.
0:09 of 1st overtime period - Nick Bjugstad wins face-off versus Filip Forsberg in Blues zone.
0:16 of 1st overtime period - Penalty to Drew Shore is over, Drew Shore is back on ice.
1:13 of 1st overtime period - Snap shot by Nick Bjugstad.
1:13 of 1st overtime period - Goal by Nick Bjugstad - Blues : 3 - Senateurs : 4.
Goals for this period are 0 for Blues vs 1 for Senateurs.
Shots for this period are 0 for Blues vs 2 for Senateurs.